Get step-by-step instructions on how to execute this build order below. Start the game timer, and the build order will tick by so you can play in parallel with StarCraft on a second screen or mobile device.

Game Time

  0:00

Last Step

  N/A

Next Step

Upcoming Step



Don't want to look back and forth between 2 screens? Try out our Overwolf App, the Spawning Tool Build Advisor to get an in-game overlay with this build!

Complete Build Order

  8  0:00  Drone  
  9  0:12  Drone  
  10  0:18  Drone  
  11  0:29  Overlord  
  11  0:34  Drone  
  12  0:48  Drone x2  
  14  0:52  Drone  
  15  1:03  Drone  
  16  1:15  Hatchery  
  15  1:20  Drone  
  15  1:23  Drone  
  17  1:36  Spawning Pool  
  17  1:39  Drone  
  17  1:43  Drone  
  17  1:44  Extractor  
  17  1:51  Drone  
  18  2:03  Drone  
  19  2:11  Overlord  
  19  2:26  Queen  
  19  2:27  Queen, Zergling x2  
  24  2:31  Zergling x2  
  24  2:32  Zergling x2  
  26  2:41  Drone  
  26  2:42  Drone  
  28  2:47  Metabolic Boost  
  28  2:52  Overlord  
  28  2:53  Drone  
  28  2:58  Drone  
  29  3:01  Drone  
  30  3:09  Queen  
  30  3:12  Drone  
  33  3:16  Overlord  
  33  3:18  Drone  
  34  3:23  Drone  
  34  3:26  Drone  
  36  3:33  Drone  
  37  3:34  Drone  
  37  3:35  Drone x3  
  37  3:38  Drone  
  37  3:41  Drone x2  
  44  3:48  Lair  
  44  3:51  Drone  
  44  3:52  Drone  
  46  3:56  Extractor x2  
  46  3:58  Overlord, Drone  
  45  4:06  Drone  
  45  4:07  Drone  
  45  4:08  Extractor  
  45  4:09  Overlord  
  47  4:10  Drone  
  47  4:18  Drone x5  
  52  4:26  Baneling Nest, Drone  
  52  4:28  Zergling x2  
  53  4:37  Drone  
  53  4:38  Drone  
  55  4:39  Zergling x6  
  58  4:47  Spire  
  58  4:50  Zergling x2  
  58  4:55  Overlord, Hatchery  
  58  4:59  Overlord  
  57  5:05  Zergling x6  
  60  5:09  Centrifugal Hooks  
  59  5:16  Overlord  
  58  5:26  Drone x6  
  63  5:35  Overlord  
  63  5:42  Drone x2  
  64  5:43  Zergling x4  
  64  5:44  Overlord  
  66  5:53  Zergling x8  
  70  6:02  Baneling x4, Mutalisk x2  
  70  6:03  Baneling x2  
  74  6:07  Baneling  
  74  6:08  Mutalisk x4  
  74  6:11  Zerg Flyer Weapons Level 1  
  82  6:13  Evolution Chamber, Mutalisk  
  83  6:20  Overlord  
  83  6:22  Drone x4  
  87  6:27  Drone x2  
  89  6:35  Drone  
  89  6:36  Drone x3  
  89  6:38  Zerg Ground Armor Level 1  
  93  6:40  Hatchery  
  93  6:43  Burrow  
  92  6:47  Drone x4  
  92  6:50  Drone x3  
  92  6:54  Drone x2  
  101  6:55  Overlord  
  101  6:58  Extractor, Drone x2  
  102  7:03  Evolution Chamber  
  102  7:04  Overlord  
  102  7:06  Extractor  
  102  7:07  Mutalisk  
  102  7:11  Overlord  
  102  7:15  Mutalisk x3  
  102  7:22  Mutalisk  
  106  7:23  Zergling x8  
  106  7:28  Overlord  
  106  7:29  Mutalisk, Zergling x6  
  117  7:32  Overlord  
  117  7:36  Zerg Melee Weapons Level 1  
  117  7:39  Mutalisk  
  117  7:40  Zergling x6  
  120  7:52  Queen  
  120  7:53  Drone x7  
  120  7:54  Baneling x2  
  129  8:01  Baneling x4  
  129  8:03  Baneling x3  
  129  8:04  Mutalisk  
  129  8:05  Zergling x14  
  138  8:13  Mutalisk  
  138  8:14  Zergling x6  
  138  8:15  Pneumatized Carapace  
  138  8:17  Overlord  
  143  8:20  Zerg Flyer Weapons Level 2  
  143  8:21  Overlord  
  143  8:25  Zergling x14  
  146  8:29  Extractor  
  146  8:32  Drone x5  
  150  8:34  Zerg Ground Armor Level 2  
  150  8:35  Overseer  
  150  8:38  Drone x2  
  150  8:40  Overlord  
  152  8:41  Queen  
  152  8:45  Overseer  
  152  8:46  Mutalisk  
  152  8:47  Zergling x2  
  157  8:52  Mutalisk  
  157  8:53  Zergling x10  
  161  9:00  Mutalisk x2  
  161  9:02  Zergling x12  
  164  9:06  Drone  
  164  9:08  Hatchery  
  164  9:10  Overseer  
  164  9:12  Baneling x2  
  164  9:19  Mutalisk x2  
  164  9:20  Mutalisk  
  164  9:22  Zergling x2  
  164  9:23  Zergling x10  
  175  9:28  Baneling x4  
  175  9:30  Baneling x4  
  175  9:39  Overlord x4  
  175  9:42  Infestation Pit  
  174  9:48  Baneling x10  
  174  9:56  Zergling x18  
  175  10:02  Drone x2  
  175  10:03  Zergling x12  
  179  10:07  Zergling x2  
  179  10:09  Zergling x2  
  179  10:10  Overseer  
  180  10:14  Zergling x2  
  180  10:15  Zergling x22  
  180  10:17  Hatchery  
  190  10:25  Mutalisk x4  
  189  10:35  Mutalisk x2  
  179  10:36  Zergling x4  
  179  10:38  Hive  
  185  10:44  Mutalisk x2, Zergling x2  
  185  10:45  Zergling x10  
  185  10:49  Zerg Flyer Armor Level 1, Hatchery  
  176  10:57  Zergling x2  
  176  10:58  Zergling x16  
  181  11:04  Extractor  
  181  11:06  Drone x2  
  181  11:10  Drone, Mutalisk x3  
  188  11:22  Zergling x2  
  188  11:23  Zergling x6  
  175  11:28  Zergling x6  
  177  11:33  Baneling x18  
  177  11:34  Zergling x2  
  177  11:35  Zergling x24  
  189  11:42  Zergling x2  
  189  11:43  Zergling x4  
  189  11:48  Zergling x2  
  189  11:49  Baneling  
  189  11:50  Baneling x3  
  189  11:51  Zerg Ground Armor Level 3  
  189  11:52  Adrenal Glands  
  189  11:56  Drone x4  
  189  11:59  Drone  
  194  12:01  Zerg Melee Weapons Level 2  
  194  12:02  Zergling x10  
  181  12:13  Mutalisk  
  181  12:14  Zergling x20, Ultralisk Cavern  
  192  12:23  Mutalisk x2  
  192  12:24  Zergling x6  
  192  12:27  Baneling x2  
  199  12:33  Zergling x2  
  199  12:34  Hatchery  
  199  12:43  Baneling x9  
  195  12:47  Zergling x10  
  198  13:00  Chitinous Plating  
  198  13:03  Ultralisk  
  177  13:13  Ultralisk, Zergling x10  
  177  13:14  Zergling x14  
  190  13:28  Ultralisk, Zergling x2  
  190  13:29  Zergling x4  
  193  13:45  Drone x6  
  189  13:56  Ultralisk, Zergling x2  
  189  13:57  Zergling x6  
  199  14:07  Hatchery  
  190  14:12  Ultralisk  
  192  14:19  Anabolic Synthesis  
  182  14:43  Ultralisk  
  182  14:44  Ultralisk, Zergling x4  
  177  14:47  Drone x11  
  177  14:52  Overlord  
  177  14:53  Ultralisk x2, Zergling x6  
  177  14:57  Overseer  
  189  15:02  Overlord  
  189  15:03  Hatchery  
  189  15:05  Zergling x8  
  192  15:08  Overlord  
  192  15:10  Overlord x2  
  192  15:11  Zerg Melee Weapons Level 3  
  192  15:12  Hatchery  
  192  15:13  Infestor x4  
  196  15:22  Baneling x8  
  192  15:30  Zergling x6  
  192  15:31  Zergling x46  
  192  15:34  Zergling x8  
  182  15:44  Corruptor x5  
  182  15:45  Zergling x2  
  182  15:46  Zergling x12  
  192  15:57  Zergling x14  
  198  16:07  Zergling x6  
  198  16:08  Baneling x4  
  181  16:30  Ultralisk  
  181  16:31  Zergling x14, Ultralisk  
  187  16:36  Infestor, Zergling x10  
  194  16:40  Overseer x2  
  194  16:46  Baneling x4  
  193  16:47  Baneling x10  
  193  16:50  Zergling x12  
  199  16:57  Spore Crawler  
  199  17:00  Zergling x2  
  199  17:05  Baneling x7  
  178  17:17  Ultralisk x2, Zergling x24  
  189  17:22  Extractor  
  189  17:23  Extractor  
  189  17:25  Baneling  
  189  17:26  Baneling, Zergling x14  
  184  17:31  Zergling x16  
  184  17:36  Infestor  
  186  17:38  Ultralisk, Zergling x2  
  186  17:39  Zergling x4  
  195  17:45  Overseer  
  195  17:47  Baneling x2  
  195  17:48  Zergling x10  
  195  17:50  Baneling x7  
  194  18:01  Zergling x12  
  194  18:05  Baneling x8  
  160  18:16  Zergling x26  
  166  18:20  Zergling x14  
  166  18:25  Zergling x10  
  159  18:28  Ultralisk  
  159  18:31  Zergling x2, Ultralisk  
  171  18:35  Overseer  
  171  18:39  Baneling x2, Zergling x10  
  171  18:41  Extractor  
  173  18:43  Zergling x8  
  177  18:54  Zergling x14  
  183  18:57  Baneling  
  183  18:58  Baneling x6  
  183  19:01  Zergling x2  
  183  19:02  Zergling x8  
  188  19:09  Zergling x2  
  191  19:10  Zergling x6  
  191  19:11  Overseer  
  191  19:19  Hatchery  
  191  19:20  Overlord x3  
  191  19:21  Extractor  
  191  19:23  Zergling x14  
  187  19:33  Drone x3  
  187  19:35  Drone  
  191  19:40  Drone x2  
  189  19:46  Zergling x22  
  198  19:59  Zergling x26, Hatchery  
  181  20:08  Infestor  
  181  20:09  Zergling x2, Ultralisk  
  181  20:10  Zergling x2  
  187  20:16  Zergling x8  
  187  20:17  Zergling x2, Spore Crawler  
  187  20:20  Infestor  
  192  20:22  Overseer  
  192  20:24  Infestor  
  194  20:31  Baneling x5  
  194  20:32  Zergling x8  
  196  20:39  Baneling x5  
  196  20:40  Baneling x2  
  189  20:48  Zergling x20  
  185  20:56  Ultralisk, Zergling x6  
  180  21:01  Zergling x2  
  180  21:02  Zergling x8, Infestor  
  178  21:09  Zergling x12  
  172  21:17  Overseer  
  172  21:18  Overseer x2, Baneling x2, Overlord  
  171  21:20  Zergling x2  
  171  21:21  Zergling x8  
  173  21:28  Zergling x2  
  173  21:29  Zergling x14  
  173  21:31  Baneling x4  
  181  21:33  Baneling x4  
  176  21:46  Zergling x26  
  189  21:51  Zergling x12  
  189  21:52  Zergling x2  
  189  21:54  Baneling x5  
  191  22:02  Baneling x5  
  191  22:08  Hatchery  
  176  22:13  Corruptor x2  
  176  22:14  Zergling x14  
  171  22:22  Infestor x2, Zergling x10  
  174  22:28  Infestor, Zergling x8  
  180  22:35  Baneling x4  
  173  22:38  Zergling x16  
  173  22:39  Baneling x4  
  171  22:47  Infestor, Zergling x12  
  174  22:53  Zergling x8  
  172  23:00  Hatchery  
  170  23:18  Zergling x22  
  175  23:33  Hatchery  
  174  23:36  Infestor x2  
  175  23:44  Zergling x20  
  181  23:48  Baneling x3  
  181  23:49  Baneling  
  180  24:02  Hatchery  
  173  24:09  Hatchery  
  165  24:12  Ultralisk, Zergling x8  
  172  24:20  Zergling x14  
  166  24:27  Zergling x4, Ultralisk  
  171  24:40  Corruptor  
  171  24:41  Corruptor  
  169  24:47  Zergling x16  
  170  25:00  Hatchery, Zergling x4  
  169  25:11  Zergling x16  
  169  25:12  Zergling x2  
  171  25:22  Zergling x14  
  171  25:28  Drone x3  
  176  25:33  Extractor x2  
  176  25:34  Drone x6  
  180  25:38  Baneling x4  
  174  25:43  Ultralisk  
  180  25:50  Zergling x12  
  180  25:52  Spore Crawler  
  180  25:55  Zergling x8  
  180  25:56  Infestor  
  176  26:04  Infestor  
  176  26:05  Zergling x24  
  186  26:12  Zergling x12  
  187  26:19  Hatchery  
  187  26:23  Zergling x2, Ultralisk  
  187  26:24  Zergling x8  
  197  26:28  Zergling x8  
  193  26:38  Zergling x16  
  182  26:48  Ultralisk x2, Zergling x4  
  185  26:57  Zergling x6, Ultralisk  
  193  27:04  Infestor  
  193  27:06  Infestor  
  190  27:11  Infestor x2, Zergling x2  
  190  27:12  Zergling x22  
  190  27:14  Zergling x4  
  199  27:20  Zergling x10  
  196  27:26  Queen x2  
  196  27:27  Infestor  
  196  27:28  Zergling x8  
  198  27:34  Baneling x7  
  198  27:35  Baneling  
  184  27:40  Infestor  
  178  27:47  Zergling x32  
  156  27:55  Ultralisk, Zergling x4  
  156  27:58  Zergling x8  
  159  28:07  Baneling x6, Hatchery  
  152  28:20  Zergling x26  
  152  28:21  Zergling x4  
  165  28:33  Zergling x18  
  164  28:41  Hatchery  
  164  28:43  Zergling x8  
  164  28:44  Zergling x2  
  162  28:54  Zergling x2  
  162  28:55  Zergling x14  
  163  29:07  Ultralisk  
  169  29:12  Infestor  
  169  29:13  Corruptor x3  
  169  29:14  Zergling x8  
  169  29:15  Zergling x2  
  169  29:28  Hatchery, Zergling x6  
  161  29:40  Hatchery  
  161  29:43  Corruptor  
  161  29:44  Corruptor  
  162  29:52  Zergling x2